 Dungeon Crawl Stone Soup version 0.18-a0-1343-g48c8f86 (webtiles) character file.

161 M4edhros the Insei (level 5, 0/41 HPs)
             Began as a Mummy Monk on Feb 16, 2016.
             Killed from afar by Sigmund (13 damage)
             ... with a puff of flame
             ... on level 3 of the Dungeon.
             The game lasted 00:03:11 (3336 turns).

M4edhros the Insei (Mummy Monk)                     Turns: 3336, Time: 00:03:11

Health: 0/41       AC:  0    Str: 15    XL:     5   Next: 19%
Magic:  5/5        EV: 13    Int:  9    God:
Gold:   71         SH:  0    Dex: 15    Spells: 0 memorised, 4 levels left

rFire  x . .     SeeInvis .       - Unarmed
rCold  + . .     Gourm    .     (no armour)
rNeg   + + +     Faith    .     (no shield)
rPois  ∞         Spirit   .     (no helmet)
rElec  .         Dismiss  .     (no cloak)
rCorr  +         Reflect  .     (no gloves)
SustAt .         Harm     .     (no boots)
MR     .....                    (no amulet)
Stlth  ++........               (no ring)
                                f - ring of resist corrosion

@: not resistant to hostile enchantments, unstealthy
A: no food or potions, fire vulnerability, cold resistance 1, negative energy
resistance 3, torment resistance, unbreathing
a: no special abilities


You were on level 3 of the Dungeon.
You were not hungry.

You visited 1 branch of the dungeon, and saw 3 of its levels.

You collected 71 gold pieces.

Inventory:

Jewellery
 f - a ring of resist corrosion (left hand)
Scrolls
 a - a scroll of random uselessness {unknown}
 c - 2 scrolls of identify {unknown}
 d - a scroll of enchant armour {unknown}
 e - a scroll of magic mapping {unknown}
 g - a scroll of remove curse {unknown}
 h - a scroll of amnesia {unknown}
Comestibles
 b - 3 fruits (quivered)


   Skills:
 - Level 3.0 Fighting
 - Level 2.4 Dodging
 - Level 1.5 Stealth
 + Level 5.4 Unarmed Combat


You had 4 spell levels left.
You didn't know any spells.

Dungeon Overview and Level Annotations

Branches:
Dungeon (3/15)

Altars:
The Shining One

Annotations:
D:3 Sigmund


Innate Abilities, Weirdness & Mutations

You do not eat or drink.
Your flesh is vulnerable to fire.
You are immune to poison.
Your flesh is cold resistant.
You are immune to negative energy.
You are immune to unholy pain and torment.
You can survive without breathing.


Message History

Sigmund barely misses you.
An orc comes into view. It is wielding a mace of protection.
The orc shouts!
You hit Sigmund.
Sigmund is lightly wounded.
Sigmund hits you with a scythe!
You hit the giant newt.
You kill the giant newt!
You completely miss Sigmund.
Sigmund is lightly wounded.
Sigmund says, "I'm your fate." Sigmund closely misses you.
Sigmund hits you from afar with a scythe.
* * * LOW HITPOINT WARNING * * *
Sigmund gestures wildly while chanting.
Sigmund flickers and vanishes!
Deactivating autopickup; reactivate with Ctrl-A.
A puff of flame appears from out of thin air!
The puff of flame hits you! The fire burns you terribly!
You die...

##############
#............#
.....#<##.###.#
##. #.##@###.#
..#......#
####o.###.#
#.####..###[#
#...........#
######.#.##.#
#.#.##[#
#......#
....#........


You could see an orc.

Vanquished Creatures
  Jessica (D:2)
  Natasha (D:2)
  Robin (D:2)
  2 oozes
  A worm (D:2)
  2 giant geckos
  A ball python (D:2)
  4 bats
  3 giant cockroaches
  17 goblins
  8 hobgoblins
  12 jackals
  11 kobolds
  A quokka (D:2)
  4 giant newts
  8 rats
77 creatures vanquished.

Notes
Turn   | Place    | Note
--------------------------------------------------------------
     0 | D:1      | M4edhros the Mummy Monk began the quest for the Orb.
     0 | D:1      | Reached XP level 1. HP: 18/18 MP: 1/1
    75 | D:1      | Reached XP level 2. HP: 10/24 MP: 2/2
   321 | D:1      | Reached skill level 4 in Unarmed Combat
   506 | D:1      | Reached XP level 3. HP: 21/29 MP: 3/3
  1128 | D:1      | HP: 1/29 [kobold/club (6)]
  2001 | D:2      | Reached XP level 4. HP: 26/35 MP: 4/4
  2009 | D:2      | Noticed Jessica
  2028 | D:2      | Killed Jessica
  2317 | D:2      | Found a glowing golden altar of the Shining One.
  2444 | D:2      | Noticed Robin
  2466 | D:1      | Reached skill level 5 in Unarmed Combat
  2605 | D:2      | Noticed Natasha
  2613 | D:2      | Killed Natasha
  2855 | D:2      | Reached XP level 5. HP: 15/41 MP: 5/5
  3223 | D:2      | Killed Robin
  3325 | D:3      | Noticed Sigmund
  3336 | D:3      | Killed from afar by Sigmund

Vault maps used:
D:1:      scummos_arrival_forest, minmay_misc_feat_alley, hangedman_decor_points
D:2:      tso_metal_star, kennysheep_jessica_study, uniq_natasha, uniq_robin
D:3:      lemuel_crystal_altar, kennysheep_okawaru_gauntlet, lemuel_tele_altar,
          uniq_sigmund, uniq_grinder

Action                   |  1- 3 |  4- 6 || total
-------------------------+-------+-------++-------
Melee: Unarmed           |   169 |    98 ||   267
 Stab: Sleeping          |     3 |     2 ||     5
       Distracted        |     1 |       ||     1
